 Dungeon Sprint DCSS version 0.23.2-1-ga50397a6bc (webtiles) character file.

Game seed: 6361921370455392043

3197 Kobolds4U the Imperceptible (level 9, 0/41 HPs)
             Began as a Spriggan Assassin on May 29, 2019.
             Was an Elder of Okawaru.
             Slain by an unseen horror (7 damage)
             ... in the Dungeon (Sprint I: "Red Sonja").
             The game lasted 00:04:05 (903 turns).

Kobolds4U the Imperceptible (Spriggan Assassin)      Turns: 903, Time: 00:04:06

Health: 0/41       AC:  3    Str:  7    XL:     9   Next: 64%
Magic:  12/12      EV: 31    Int: 12    God:    Okawaru [****..]
Gold:   638        SH:  0    Dex: 21    Spells: 8/8 levels left

rFire    . . .     SeeInvis +   a - +2 dagger
rCold    . . .     Gourm    .   (shield restricted)
rNeg     . . .     Faith    .   c - +0 robe
rPois    .         Spirit   .   (helmet restricted)
rElec    .         Reflect  .   d - +0 cloak
rCorr    .         Harm     .   (gloves unavailable)
MR       +....     NoTele   +   (boots unavailable)
Stlth    +++++++++.             (no amulet)
HPRegen  0.13/turn              l - ring of see invisible
MPRegen  0.13/turn              (no ring)

@: very quick
A: very small, unfitting armour, see invisible, herbivore, speed 3, slow
metabolism 2
a: Heroism, Renounce Religion


You were in the Dungeon.
You worshipped Okawaru.
Okawaru was greatly pleased with you.
You were not hungry.

You visited 1 branch You collected 638 gold pieces.

Inventory:

Hand Weapons
 a - a +2 dagger (weapon)
 b - a +0 blowgun
 i - a +0 shortbow
Missiles
 e - 6 poisoned needles
 f - a curare-tipped needle
 j - 17 arrows
Armour
 c - a +0 robe (worn)
 d - a +0 cloak (worn)
Jewellery
 l - a ring of see invisible (left hand)
Wands
 n - a wand of polymorph (11)
Scrolls
 o - a scroll of holy word {unknown}
Potions
 h - a potion of curing
 k - 2 potions of magic
Comestibles
 g - a ration


   Skills:
 - Level 1.5 Fighting
 - Level 12.1 Short Blades
 - Level 2.0 Throwing
 + Level 12.7 Dodging
 - Level 23.3 Stealth
 * Level 3.3 Invocations


You had 8 spell levels left.
You didn't know any spells.
Your spell library was empty.

Dungeon Overview and Level Annotations

Branches:
Dungeon (1/1)

Altars:
Cheibriados
Dithmenos
Elyvilon
Fedhas
Gozag
Hepliaklqana
Kikubaaqudgha
Makhleb
Nemelex Xobeh
Okawaru
Qazlal
Ru
Sif Muna
Trog
Uskayaw
Vehumet
Wu Jian
Xom
Yredelemnul
Zin
The Shining One
Jiyva
Lugonu

Shops:
D *


Innate Abilities, Weirdness & Mutations

You are very small and have problems with some larger weapons.
You are too small for most types of armour.
You have supernaturally acute eyesight. (SInv)
You are a herbivore.
You cover ground extremely quickly.
You need to consume almost no food.


Message History

Press: ? - help, Shift-Dir - straight line, f/p - unseen horror
Aim: an unseen horror (moderately wounded, slow, poisoned, slightly transparent)
You shoot a poisoned needle.
The poisoned needle hits the unseen horror.
The unseen horror looks as sick as possible!
The unseen horror is moderately wounded.
The unseen horror completely misses you.
a - a +2 dagger (weapon)
The unseen horror completely misses you.
You are too injured to fight recklessly!
You hit the unseen horror but do no damage.
The unseen horror is moderately wounded.
The unseen horror completely misses you.
You barely miss the unseen horror.
The unseen horror is moderately wounded.
The unseen horror barely misses you.
You barely miss the unseen horror.
The unseen horror is heavily wounded.
The unseen horror hits you!
You die...

##########################
#<.#.)'..#.)'..#__#..+s..#
#..'..#.)'..#.x+@('..#)s.##+#
#..#####'#####'#_x####...ss.#
#..####..#...#.####(§#####..+
#..#__####..##(#§§≈§)#§.# ##
#..#____J##'#_.'§§≈§.'§.#
#⌠⌠#_.∩...+§.._#§≈§§†#§§#
####_..__##§.#'##+#####§###
#_____###+#.# #.§§# #######
### ###.#


You could see an unseen horror (invisible).

Vanquished Creatures
  2 centaur warriors (D)
  An oklob plant (D)
  2 kobold demonologists (D)
  A hornet (D)
  2 redbacks (D)
  Sigmund (D)
  A yak (D)
  A floating eye (D)
  An ogre (D)
  A jelly (D)
  Ijyb (D)
14 creatures vanquished.

Notes
Turn   | Place    | Note
-------+----------+-------------------------------------------
     0 | D        | Kobolds4U the Spriggan Assassin began the quest for the
                  | Orb.
     0 | D        | Reached XP level 1. HP: 10/10 MP: 2/2
     1 | D        | Noticed Ijyb
     4 | D        | Killed Ijyb
     4 | D        | Reached skill level 10 in Stealth
     4 | D        | Reached XP level 2. HP: 14/14 MP: 3/3
     6 | D        | Noticed an ogre
     9 | D        | Killed an ogre
     9 | D        | Reached skill level 5 in Dodging
     9 | D        | Reached skill level 13 in Stealth
     9 | D        | Reached XP level 3. HP: 18/18 MP: 4/4
     9 | D        | Reached XP level 4. HP: 22/22 MP: 5/5
    18 | D        | Noticed Sigmund
    21 | D        | Killed Sigmund
    21 | D        | Reached skill level 17 in Stealth
    21 | D        | Reached XP level 5. HP: 25/25 MP: 6/6
    34 | D        | Found a burning altar of Makhleb.
    34 | D        | Found a viscous altar of Jiyva.
    34 | D        | Found a shimmering altar of Xom.
    34 | D        | Found a corrupted altar of Lugonu.
    34 | D        | Noticed a slime creature
    94 | D        | Found an ornate altar of the Wu Jian Council.
    94 | D        | Found a deep blue altar of Sif Muna.
    96 | D        | Found a radiant altar of Vehumet.
   100 | D        | Reached XP level 6. HP: 30/30 MP: 7/7
   128 | D        | Found Paeqacha's General Store.
   128 | D        | Found an ancient bone altar of Kikubaaqudgha.
   128 | D        | Found a hazy altar of Hepliaklqana.
   128 | D        | Found a hide-covered altar of Uskayaw.
   128 | D        | Found a basalt altar of Yredelemnul.
   128 | D        | Found an opulent altar of Gozag.
   128 | D        | Found a snail-covered altar of Cheibriados.
   128 | D        | Found a sacrificial altar of Ru.
   128 | D        | Found a shadowy altar of Dithmenos.
   128 | D        | Noticed a yak
   129 | D        | Found a stormy altar of Qazlal.
   129 | D        | Found a blossoming altar of Fedhas.
   129 | D        | Found a bloodstained altar of Trog.
   129 | D        | Found an iron altar of Okawaru.
   129 | D        | Found a glowing golden altar of the Shining One.
   129 | D        | Found a glowing silver altar of Zin.
   129 | D        | Found a white marble altar of Elyvilon.
   130 | D        | Killed a yak
   130 | D        | Reached skill level 19 in Stealth
   131 | D        | Found a sparkling altar of Nemelex Xobeh.
   136 | D        | Became a worshipper of Warmaster Okawaru
   317 | D        | Noticed a kobold demonologist
   317 | D        | Noticed a floating eye
   318 | D        | Noticed a kobold demonologist
   320 | D        | Killed a floating eye
   320 | D        | Reached skill level 20 in Stealth
   320 | D        | Reached XP level 7. HP: 33/33 MP: 8/8
   321 | D        | Noticed an orange demon
   338 | D        | Noticed a sun demon
   341 | D        | Noticed a soul eater
   343 | D        | Noticed an ice devil
   360 | D        | Killed a kobold demonologist
   360 | D        | Reached * piety under Okawaru
   360 | D        | Reached skill level 22 in Stealth
   363 | D        | Noticed a rust devil
   368 | D        | Killed a kobold demonologist
   368 | D        | Reached skill level 23 in Stealth
   368 | D        | Reached XP level 8. HP: 9/37 MP: 9/9
   668 | D        | Noticed a demonic crawler
   668 | D        | Noticed a demonic crawler
   668 | D        | Noticed a demonic crawler
   668 | D        | Noticed a demonic crawler
   780 | D        | Noticed a centaur warrior
   782 | D        | Noticed a centaur warrior
   786 | D        | Killed a centaur warrior
   786 | D        | Reached ** piety under Okawaru
   787 | D        | Killed a centaur warrior
   787 | D        | Reached *** piety under Okawaru
   787 | D        | Reached skill level 10 in Short Blades
   787 | D        | Reached XP level 9. HP: 41/41 MP: 10/10
   812 | D        | Noticed an oklob plant
   814 | D        | Killed an oklob plant
   814 | D        | Reached **** piety under Okawaru
   842 | D        | Noticed an unseen horror
   842 | D        | Noticed an unseen horror
   903 | D        | Slain by an unseen horror

Skill      XL: |  1  2  3  4  5  6  7  8  9 |
---------------+----------------------------+-----
Stealth        | 10 13 17 20 23 | 23.3
Dodging        | 5 11 12 | 12.7
Short Blades   | 10 12 | 12.1
Invocations    | 3 |  3.3
Fighting       | |  1.5
Throwing       | |  2.0

Action                   |  1- 3 |  4- 6 |  7- 9 || total
-------------------------+-------+-------+-------++-------
Melee: Dagger            |     2 |    10 |    54 ||    66
 Fire: Blowgun           |       |       |     7 ||     7
  Use: Potion            |       |       |     3 ||     3
       Scroll            |       |       |     1 ||     1
 Stab: Sleeping          |     2 |     4 |     6 ||    12
Armor: Robe              |       |       |    15 ||    15
Dodge: Dodged            |       |     2 |    92 ||    94
